 Dungeon Crawl Stone Soup version 0.24-a0-584-g9d6b971ae4 (webtiles) character file.

Game seed: 6348579661523792142, levelgen mode: deterministic

46 GordonOverkill the Firebug (level 3, 0/26 HPs)
             Began as a Barachi Fire Elementalist on Sept 3, 2019.
             Slain by a worm (1 damage)
             ... on level 2 of the Dungeon.
             The game lasted 00:03:41 (2028 turns).

GordonOverkill the Firebug (BaFE)                   Turns: 2028, Time: 00:03:41

Health: 0/26       AC:  3    Str: 10    XL:     3   Next: 66%
Magic:  0/6        EV: 12    Int: 15    God:
Gold:   45         SH:  0    Dex: 12    Spells: 5/6 levels left

rFire    . . .     SeeInvis .   g - +0 hand axe
rCold    . . .     Gourm    .   (no shield)
rNeg     . . .     Faith    .   j - +0 leather armour
rPois    .         Spirit   .   (no helmet)
rElec    .         Reflect  .   (no cloak)
rCorr    .         Harm     .   (no gloves)
MR       .....                  (no boots)
Stlth    ++........             (no amulet)
HPRegen  0.08/turn              (no ring)
MPRegen  0.10/turn              (no ring)

@: slowed, very slow
A: +LOS, swims, slowness 1, strong legs 1
a: Hop


You were on level 2 of the Dungeon.
You were not hungry.

You visited 1 branch of the dungeon, and saw 2 of its levels.

You collected 45 gold pieces.

Inventory:

Hand Weapons
 g - a +0 hand axe (weapon)
Missiles
 f - 23 stones (quivered)
Armour
 j - a +0 leather armour (worn)
Scrolls
 a - a scroll of teleportation {unknown}
 d - 2 scrolls of random uselessness {unknown}
 k - a scroll of identify {unknown}
Potions
 b - 2 potions of curing {unknown}
 e - a potion of brilliance {unknown}
 h - a potion of ambrosia {unknown}
Comestibles
 c - 2 rations
 i - 5 chunks of flesh


   Skills:
 + Level 1.0 Fighting
 + Level 0.9 Axes
 + Level 2.7 Dodging
 - Level 2.0 Stealth
 - Level 0.7 Unarmed Combat
 + Level 2.4 Spellcasting
 + Level 1.7 Conjurations
 + Level 3.5 Fire Magic


You had 5 spell levels left.
You knew the following spells:

 Your Spells              Type           Power        Failure   Level  Hunger
a - Flame Tongue          Conj/Fire      #....        10%         1    #......

Your spell library contained the following spells:

 Spells                   Type           Power        Failure   Level  Hunger
 Throw Flame              Conj/Fire      #.....       14%         2    ###....
 Conjure Flame            Conj/Fire      #.......     28%         3    ###....
 Inner Flame              Hex/Fire       #.......     38%         3    ###....
 Sticky Flame             Conj/Fire      #.......     67%         4    #####..
 Fireball                 Conj/Fire      #.........   95%         5    ######.


Dungeon Overview and Level Annotations

Branches:
Dungeon (2/15)

Altars:


Innate Abilities, Weirdness & Mutations

Shadows flee at your approach. (+LOS)
You can swim through water.
You cover ground slowly.
You can hop short distances.


Message History

The orc wizard closely misses you.
The orc wizard casts a spell.
The orc wizard blinks!
Casting: Flame Tongue (safe; 10% risk of failure)
Confirm with . or Enter, or press ? or * to list all spells.
Aiming: Flame Tongue (safe; 10% risk of failure)
Press: ? - help, Shift-Dir - straight line, f - worm, p - orc wizard
Aim: a worm The flame tongue hits the worm.
The worm is moderately wounded.
The orc wizard points at you and mumbles some strange words.
The magic dart hits you.
The orc wizard gestures at you while chanting.
The magic dart hits you!
* * * LOW HITPOINT WARNING * * *
Casting: Flame Tongue (safe; 10% risk of failure)
Confirm with . or Enter, or press ? or * to list all spells.
You don't have enough magic to cast that spell.
The worm bites you.
You die...

###..... ......#
###.#..# #.......
###.#.#..# ##
.........####.#
#.#..)......#.###.#
.....................
#..........@#.#.###.#
#.#!###.#..w#.# # #
#...)o#.# ##......#
#...####.# ##.......#
#.#####...#######
.........†......$.
...####...########


You could see a worm and an orc wizard.

Vanquished Creatures
  2 oozes
  A dart slug (D:1)
  2 leopard geckos
  2 orcs
  A giant cockroach (D:2)
  2 goblins (D:1)
  4 hobgoblins
  2 jackals (D:1)
  A ball python (D:1)
  2 bats
  A frilled lizard (D:2)
  4 kobolds
  7 rats
31 creatures vanquished.

Notes
Turn   | Place    | Note
-------+----------+-------------------------------------------
     0 | D:1      | GordonOverkill the Barachi Fire Elementalist began the
                  | quest for the Orb.
     0 | D:1      | Reached XP level 1. HP: 13/13 MP: 3/3
   746 | D:1      | Reached XP level 2. HP: 20/20 MP: 0/5
  1389 | D:1      | Reached XP level 3. HP: 20/25 MP: 0/6
  1654 | D:2      | Reached skill level 1 in Fighting
  2027 | D:2      | HP: 1/26 [orc wizard/magic dart (8)]
  2028 | D:2      | Slain by a worm

Levels and vault maps discovered:
D:1:      saegor_arrival_simple_d, layout_basic, minmay_splitting_lines
D:2:      layout_basic, uniq_robin

Skill      XL: |  1  2  3 |
---------------+----------+-----
Stealth        | 2 |  2.0
Fighting       | 1 |  1.0
Axes           | |  0.9
Dodging        | |  2.7
Unarmed Combat | |  0.7
Spellcasting   | |  2.4
Conjurations   | |  1.7
Fire Magic     | |  3.5

Action                   || total
-------------------------++-------
Melee: Unarmed           ||    17
       Hand axe          ||    37
Throw: Stone             ||    41
 Cast: Flame Tongue      ||    54
 Abil: Hop               ||     1
 Stab: Sleeping          ||     1
  Eat: Chunk             ||     5
Armor: Robe              ||     2
       Leather armour    ||     5
Dodge: Dodged            ||    63

Table legend:
 A = Non-vault XP
 B = Vault XP
 C = Vault XP percentage of total XP
 D = Non-vault monster count
 E = Vault monster count
 F = Vault count percentage of total count
                 A         B        C        D         E       F
            +---------+---------+-------+---------+---------+-------
      Total |      66 |       0 |   0.0 |      31 |       0 |   0.0
            +---------+---------+-------+---------+---------+-------
        D:1 |      43 |       0 |   0.0 |      21 |       0 |   0.0
        D:2 |      23 |       0 |   0.0 |      10 |       0 |   0.0
            +---------+---------+-------+---------+---------+-------
